AoeStats
← yanghero

Arabia

510540135Analyzed
1v1 RM · 1d ago on Oct 1, 2026· 43m 19s· 2 players
Game mode
Random Map
Map size
Tiny (2 player)
Population
200
Speed
Normal
Resources
Standard
Victory
Conquest
Starting age
Dark Age
Ending age
Imperial Age
RankedLock teamsTeams togetherTeam positionsShared explorationLock speedFull tech treeHidden civsTurbo modeCheats
Victory
Defeat
🇧🇷 Lithuanians · Brazil
816
+15
🇹🇼 Britons · Taiwan
800
-15
yanghero
8:34 Loom
10:20 Feudal Age
13:39 Double-Bit Axe
14:27 Padded Archer Armor
14:18 Fletching
14:23 Horse Collar
24:33 Castle Age
22:51 Gold Mining
22:52 Stone Mining
25:25 Forging
25:50 Bow Saw
25:02 Crossbowman
25:58 Leather Archer Armor
26:55 Pikeman
27:35 Squires
27:38 Bodkin Arrow
28:05 Treadmill Crane
29:42 Scale Mail Armor
30:15 Gambesons
32:49 Arson
33:02 Elite Skirmisher
34:23 Wheelbarrow
35:28 Chain Mail Armor
35:48 Iron Casting
35:31 Hand Cart
39:38 Imperial Age
39:39 Ballistics
39:51 Arbalester
41:03 Ring Archer Armor
40:34 Bracer
41:36 Chemistry
42:04 Halberdier
Ysrael
4:56 Loom
7:23 Loom
9:18 Feudal Age
10:49 Wheelbarrow
10:02 Double-Bit Axe
10:28 Horse Collar
16:16 Gold Mining
21:14 Castle Age
19:21 Fletching
20:25 Forging
20:17 Scale Mail Armor
20:26 Padded Archer Armor
20:49 Scale Barding Armor
22:49 Bloodlines
22:40 Husbandry
23:51 Bow Saw
24:33 Stone Mining
25:06 Heavy Plow
25:28 Hand Cart
25:00 Elite Skirmisher
31:35 Town Watch
34:34 Imperial Age
33:01 Ballistics
32:22 Treadmill Crane
32:18 Crossbowman
34:30 Stone Shaft Mining
36:25 Two-Man Saw
37:12 Crop Rotation
37:29 Town Patrol
38:44 Murder Holes
39:02 Fortified Wall
40:26 Onager
40:50 Cavalier
Connection lost

Rejoining the realm…

Still unreachable

The connection could not be restored.

Session expired

The server has moved on; the page needs a fresh start.